 Dungeon Crawl Stone Soup version 0.26.1-11-gd32895ea62 (webtiles) character file.

Game seed: 6706260795832941052

730526 AarnesTheHuman the Sniper (level 27, -4/240 HPs)
             Began as a Formicid Fighter on June 20, 2021.
             Was the Champion of the Shining One.
             Slain by a guardian mummy (6 damage)
             ... on level 2 of the Tomb of the Ancients on June 22, 2021.
             The game lasted 09:42:09 (101882 turns).

AarnesTheHuman the Sniper (Formicid Fighter)      Turns: 101882, Time: 09:42:09

Health: -4/240     AC: 43    Str: 47    XL:     27
Magic:  39/39      EV:  5    Int:  3    God:    the Shining One [******]
Gold:   3331       SH:  0    Dex: 15    Spells: 37/50 levels left

rFire    + + .     SeeInvis +   a - +9 triple crossbow (holy)
rCold    + + .     Faith    .   s - +10 tower shield of Ignorance {rN+ Int-4}
rNeg     + + +     Spirit   .   y - +6 crystal plate armour
rPois    +         Reflect  +   (helmet unavailable)
rElec    +         Harm     .   O - scarf {rC+ rF+}
rCorr    .         Rampage  +   W - +3 pair of gauntlets of War {Slay+5}
Will     ++...                  Y - +2 pair of boots {rampage}
Stlth    ..........             P - amulet "Guhol" {Reflect *Contam Str+2 Dex+2 Slay+3 SH+5}
HPRegen  0.50/turn              d - ring of the Prince of Darkness {rElec rC+ Str+6 Dex+5}
MPRegen  0.26/turn              k - ring "Oxeh" {rPois rF+ rN++ Str+6}

@: lethally poisoned (-4 -> -4), silence, held, glowing
A: permanent stasis, dig shafts and tunnels, four strong arms, antennae 3,
clumsy 1, dopey 1, mutation resistance 1
}: 4/15 runes: decaying, slimy, silver, gossamer
a: Dig, Shaft Self, Renounce Religion


You were on level 2 of the Tomb of the Ancients.
You worshipped the Shining One.
The Shining One was exalted by your worship.
You visited 13 branches of the dungeon, and saw 60 of its levels.
You visited the Abyss 1 time.
You visited 2 bazaars.
You also visited: Trove and Ice Cave.

You collected 8696 gold pieces.
You spent 5365 gold pieces at shops.

Inventory:

Hand Weapons
 a - a +9 triple crossbow of holy wrath (weapon)
 b - the +7 lajatang of Order {silver, rMut}
   (You took it off a deep elf annihilator on level 3 of the Elven Halls)

   It protects you from mutation.
 R - a +9 spectral lajatang
 X - the +5 quarterstaff of Neihul {vorpal, +Fly}
   (Okawaru gifted it to you on level 4 of the Spider Nest)

   It inflicts extra damage upon your enemies.
   It lets you fly.
Missiles
 M - 1740 bolts (quivered ammo)
Armour
 s - the +10 tower shield of Ignorance (worn) {rN+ Int-4}
   (You found it on level 1 of the Orcish Mines)

   It affects your intelligence (-4).
   It protects you from negative energy.
 y - a +6 crystal plate armour (worn)
 z - the +0 pair of gloves "Leegateh" {rC++ rCorr}
   (You found it on level 1 of the Vaults)

   It greatly protects you from cold.
   It provides partial protection from all sources of acid and corrosion.
 O - a scarf of resistance (worn)
 W - the +3 pair of gauntlets of War (worn) {Slay+5}
   (You bought it in a shop on level 13 of the Dungeon)

   It affects your accuracy and damage with ranged weapons and melee attacks
   (+5).
 Y - a +2 pair of boots of rampaging (worn)
Jewellery
 d - the ring of the Prince of Darkness (left hand) {rElec rC+ Str+6 Dex+5}
   (You found it in a treasure trove)

   [ring of strength]

   It affects your strength (+6).
   It affects your dexterity (+5).
   It protects you from cold.
   It insulates you from electricity.
 k - the ring "Oxeh" (right hand) {rPois rF+ rN++ Str+6}
   (You acquired it on level 1 of the Depths)

   [ring of strength]

   It affects your strength (+6).
   It protects you from fire.
   It protects you from poison.
   It greatly protects you from negative energy.
 p - the ring of the Yeti {rC++ Str+6 SInv}
   (You found it in a treasure trove)

   [ring of strength]

   It affects your strength (+6).
   It greatly protects you from cold.
   It lets you see invisible.
 v - the ring of the Cockatrice {rF+++ rC- Int+6 Slay+4}
   (You found it in a treasure trove)

   [ring of intelligence]

   It affects your intelligence (+6).
   It affects your accuracy and damage with ranged weapons and melee attacks
   (+4).
   It renders you almost immune to fire.
   It makes you vulnerable to cold.
 P - the amulet "Guhol" (around neck) {Reflect *Contam Str+2 Dex+2 Slay+3 SH+5}
   (You found it on level 12 of the Dungeon)

   [amulet of reflection]

   It shields you and reflects attacks.
   It affects your strength (+2).
   It affects your dexterity (+2).
   It affects your accuracy and damage with ranged weapons and melee attacks
   (+3).
   It causes magical contamination when unequipped.
   It affects your SH (+5).
 U - an uncursed ring of resist corrosion
 Z - an uncursed ring of willpower
Wands
 i - a wand of disintegration (69)
 t - a wand of enslavement (29)
 x - a wand of flame (61)
 B - a wand of iceblast (70)
 D - a wand of paralysis (24)
 G - a wand of digging (13)
 J - a wand of acid (57)
 V - a wand of polymorph (56)
Scrolls
 c - 3 scrolls of magic mapping
 h - 2 scrolls of enchant weapon
 j - 9 scrolls of fear
 q - 12 scrolls of identify
 r - 2 scrolls of immolation
 A - 10 scrolls of fog
 E - a scroll of amnesia
 I - 3 scrolls of summoning
 K - 2 scrolls of silence
 L - a scroll of remove curse
 S - 3 scrolls of holy word
Potions
 f - 9 potions of resistance
 g - 32 potions of curing
 l - 19 potions of lignification
 m - 5 potions of attraction
 n - 13 potions of flight
 o - 7 potions of brilliance
 u - 7 potions of cancellation
 w - 8 potions of heal wounds
 C - a potion of magic
 F - 10 potions of ambrosia
 Q - 8 potions of might
Miscellaneous
 e - a phantom mirror
 N - a phantom mirror


   Skills:
 * Level 24.6 Fighting
 - Level 14.0 Staves
 - Level 26.2 Crossbows
 + Level 23.2 Armour
 - Level 15.0 Shields
 - Level 12.2 Spellcasting
 - Level 9.3 Necromancy
 - Level 5.9 Translocations
 - Level 8.0 Transmutations
 - Level 16.5 Earth Magic
 + Level 17.6 Invocations
 - Level 8.0 Evocations


You had 37 spell levels left.
You knew the following spells:

 Your Spells              Type           Power        Failure   Level
a - Passwall              Tmut/Erth      7%           1%          2
c - Lee's Rapid Deconstr  Erth           5%           1%          5
d - Slow                  Hex            1%           69%         2
e - Passage of Golubria   Tloc           N/A          50%         4

Your spell library contained the following spells:

 Spells                   Type           Power        Failure   Level
 Animate Skeleton         Necr           14%          1%          1
 Sandblast                Erth           22%          1%          1
 Sublimation of Blood     Necr           3%           1%          2
 Beastly Appendage        Tmut           12%          2%          1
 Wereblood                Tmut           6%           3%          2
 Petrify                  Tmut/Erth      9%           4%          4
 Stone Arrow              Conj/Erth      12%          6%          3
 Borgnjor's Vile Clutch   Necr/Erth      4%           9%          5
 Sting                    Tmut/Pois      16%          13%         1
 Corpse Rot               Necr/Air       N/A          14%         2
 Animate Dead             Necr           3%           14%         4
 Dispel Undead            Necr           7%           14%         4
 Gell's Gravitas          Tloc           2%           17%         3
 Lesser Beckoning         Tloc           2%           17%         3
 Teleport Other           Tloc           5%           17%         3
 Leda's Liquefaction      Hex/Erth       3%           22%         4
 Spider Form              Tmut/Pois      2%           36%         3
 Agony                    Necr           7%           36%         5
 Excruciating Wounds      Necr           3%           36%         5
 Portal Projectile        Hex/Tloc       6%           50%         3
 Corona                   Hex            1%           54%         1
 Foxfire                  Conj/Fire      4%           54%         1
 Freeze                   Ice            4%           54%         1
 Shock                    Conj/Air       4%           54%         1
 Summon Small Mammal      Summ           4%           54%         1
 Ignite Poison            Fire/Tmut/Pois 3%           54%         3
 Statue Form              Tmut/Erth      6%           54%         6
 Blade Hands              Tmut           3%           56%         5
 Call Imp                 Summ           1%           69%         2
 Ensorcelled Hibernation  Hex/Ice        2%           69%         2
 Poisonous Vapours        Pois/Air       2%           69%         2
 Ice Form                 Ice/Tmut       4%           77%         4
 Bolt of Magma            Conj/Fire/Erth 2%           88%         5
 Call Canine Familiar     Summ           1%           89%         3
 Confusing Touch          Hex            1%           89%         3
 Conjure Flame            Conj/Fire      1%           89%         3
 Dazzling Flash           Conj/Hex       2%           89%         3
 Frozen Ramparts          Ice            2%           89%         3
 Inner Flame              Hex/Fire       1%           89%         3
 Mephitic Cloud           Conj/Pois/Air  1%           89%         3
 Ozocubu's Armour         Ice            1%           89%         3
 Static Discharge         Conj/Air       1%           89%         3
 Summon Guardian Golem    Hex/Summ       1%           89%         3
 Tukima's Dance           Hex            1%           89%         3
 Death Channel            Necr           3%           91%         6
 Iron Shot                Conj/Erth      3%           97%         6
 Alistair's Intoxication  Tmut/Pois      2%           98%         5
 Irradiate                Conj/Tmut      2%           98%         5
 Yara's Violent Unravell  Hex/Tmut       2%           98%         5
 Summon Forest            Summ/Tloc      1%           99%         5
 Airstrike                Air            0%           100%        4
 Cause Fear               Hex            0%           100%        4
 Hailstorm                Conj/Ice       1%           100%        4
 Sticky Flame             Conj/Fire      1%           100%        4
 Summon Ice Beast         Ice/Summ       1%           100%        4
 Summon Lightning Spire   Summ/Air       1%           100%        4
 Fireball                 Conj/Fire      0%           100%        5
 Iskenderun's Battlesphe  Conj           1%           100%        5
 Lightning Bolt           Conj/Air       0%           100%        5
 Metabolic Englaciation   Hex/Ice        0%           100%        5
 Silence                  Hex/Air        0%           100%        5
 Summon Demon             Summ           0%           100%        5
 Summon Mana Viper        Hex/Summ       1%           100%        5
 Conjure Ball Lightning   Conj/Air       0%           100%        6
 Eringya's Noxious Bog    Tmut/Pois      2%           100%        6
 Freezing Cloud           Conj/Ice/Air   0%           100%        6
 Ozocubu's Refrigeration  Ice            0%           100%        6
 Shadow Creatures         Summ           N/A          100%        6
 Simulacrum               Ice/Necr       2%           100%        6
 Starburst                Conj/Fire      0%           100%        6
 Orb of Destruction       Conj           0%           100%        7
 Spellforged Servitor     Conj/Summ      0%           100%        7
 Summon Hydra             Summ           0%           100%        7
 Discord                  Hex            0%           100%        8
 Ignition                 Fire           0%           100%        8
 Infestation              Necr           3%           100%        8
 Shatter                  Erth           5%           100%        9
 Tornado                  Air            0%           100%        9
 Blink                    Tloc           Unusable     N/A         2
 Swiftness                Air            Unusable     N/A         2

Dungeon Overview and Level Annotations

Branches:
Dungeon (15/15)            Temple (1/1) D:6            Lair (6/6) D:8
  Swamp (4/4) Lair:3       Spider (4/4) Lair:2        Slime (5/5) Lair:6
    Orc (2/2) D:11            Elf (3/3) Orc:2        Vaults (5/5) D:13
  Crypt (3/3) Vaults:2       Tomb (2/3) Crypt:3      Depths (5/5) D:15
    Zot (5/5) Depths:5      IceCv (visited)

Altars:
Ashenzari
Cheibriados
Dithmenos
Elyvilon
Fedhas
Gozag
Hepliaklqana
Kikubaaqudgha
Makhleb
Nemelex Xobeh
Okawaru
Qazlal
Ru
Sif Muna
Trog
Uskayaw
Vehumet
Wu Jian
Xom
Yredelemnul
Zin
The Shining One
Beogh
Jiyva

Shops:
D:10 !}   D:13 [*=[}   Orc:2 (:[[   Elf:3 ([:[!   Depths:1 }=?   Depths:2 !*(*

Portals:
Hell: Depths:1 Depths:2 Depths:3 Depths:4 Depths:5
Abyss: Depths:2 Depths:4
Pandemonium: Depths:3 Depths:4
Ziggurat: Depths:4

Annotations:
D:10 exclusion: 4 doors
Lair:1 1 runed translucent door, exclusion: door, kalagan's ghost, journeyman DECj
Lair:4 exclusion: downstairs
Vaults:4 2 runed translucent doors, exclusion: 2 doors, Adoajy's ghost, adept DsWr; Switch's ghost, veteran DDFi
Tomb:2 Jory
Depths:2 4 runed translucent doors, exclusion: 4 doors, Ecriak's ghost, adept MiFi
Depths:4 1 transporter
Zot:3 2 transporters
Zot:5 9 exclusions


Innate Abilities, Weirdness & Mutations

You cannot be hasted, slowed, berserked, paralysed or teleported.
You can dig through walls and to a lower floor.
Your four strong arms can wield two-handed weapons with a shield.
You have a pair of large antennae on your head. (SInv)
You are clumsy. (Dex -2)
You are dopey. (Int -2)
You are somewhat resistant to further mutation.


Message History

* * * LOW HITPOINT WARNING * * *
The death scarab drains your vigour!
Your stasis prevents you from being slowed.
The death scarab barely misses you. x2; The flying skull hits you.
* * * LOW HITPOINT WARNING * * *
The bennu pecks you but does no damage.
The bennu claws you but does no damage. x2
The flying skull hits you but does no damage.
Jory hits you but does no damage. Jory bites you.
* * * LOW HITPOINT WARNING * * *
The skeletal warrior hits you with a +2 war axe of freezing.
* * * LOW HITPOINT WARNING * * *
The death scarab bites you! The Shining One protects you from harm!
The death scarab drains your vigour!
Your stasis prevents you from being slowed.
The bennu pecks you but does no damage.
The bennu claws you but does no damage. x2
The flying skull hits you.
* * * LOW HITPOINT WARNING * * *
The guardian mummy hits you.
You die...

,*,,***,,,,,,,,,,,,,,,,,,,***,,*,
^*,,* *,,..(...........M,,* *,,*,
**,,* *,,...............,,* *,,*,
,*,,***,,...........sBM.,,***,,*,
^*,,,<,,,...(........8..,,,,,,,*,
^+,,,,,,,.......B.Ms....,,,,,,,*,
,*,,,,,,,.#!..WBMMsM..#.,,,,,,,**
,*,,,,,,^.....MBMBZZ....,,,,,,,*,
**,,,,,,,....Mzb@V8B3...,,,,,,,*,
^*,,,,,,,....ZMzzzzMZ.?.,,,,,,,*,
,*,,,,,,,.#..SnSznM...#.,,,,,,,+,
,*,,,,,,,...MMMWWWM.....,,,,,,,*^
,*,,,,,,,..M.M..Z.......,,,,,,,*,
,*,,***,,...............,,***,,**
,*,,* *,,........$...(..,,* *,,*,
,*,,* *^,...............,,* *,,*,
,*,,***,,,,,,,,,,,,,,,,,,,***,,*,


You could see 4 royal mummies, Jory, 3 emperor scorpions, a bennu, 4 mummy
priests, a skeletal warrior, a sun demon (summoned), a phantasmal warrior
(summoned), 2 mana vipers, 5 guardian mummies, 2 ushabtiu, a spectral anaconda
(summoned), a spectral wolf spider (summoned), a wraith (summoned), 6 death
scarabs, 2 necrophages, 2 shadows, 4 flying skulls, 5 mummies, a wight
(summoned), a shock serpent simulacrum (summoned), a snapping turtle zombie and
an ettin skeleton (summoned).

Vanquished Creatures
  the Royal Jelly (Slime:5)
  2 ancient liches
  Mara (Crypt:2)
  6 orbs of fire (Zot:5)
  Mennas (Vaults:4)
  Sojobo (Vaults:4)
  2 royal mummies (Tomb:1)
  The ghost of royokou the Executioner, a veteran MiFi of Makhleb (Vaults:1)
  5 Killer Klowns (Zot:5)
  Saint Roka (Orc:2)
  Boris (5 times) (Depths:4 Vaults:1 Vaults:2 Vaults:4 Crypt:1)
  Bai Suzhen (Spider:4)
  Xtahua (Depths:2)
  A curse toe (Zot:5)
  Margery (Depths:1)
  A caustic shrike (shapeshifter) (Depths:3)
  7 golden dragons
  A golden dragon (shapeshifter) (Depths:3)
  Nikola (Swamp:3)
  6 electric golems
  25 Orb Guardians (Zot:5)
  18 tentacled monstrosities
  6 liches
  Jorgrun (D:14)
  8 deep elf blademasters
  7 deep elf master archers
  12 titans
  4 quicksilver dragons
  8 death cobs
  23 acid blobs
  8 sphinxes
  Kirke (Swamp:2)
  The ghost of Pets the Brawler, an adept TrMo of Nemelex Xobeh (Depths:4)
  8 draconian monks
  5 ancient champions
  18 storm dragons
  13 tengu reavers
  2 fenstrider witches
  4 shadow dragons
  25 fire giants
  10 azure jellies
  7 deep elf sorcerers
  5 draconian knights
  21 frost giants
  4 draconian shifters
  11 ghost moths
  4 revenants
  6 emperor scorpions (Spider:4)
  4 iron dragons
  7 draconian scorchers
  A juggernaut zombie (Crypt:2)
  Aizul (Swamp:4)
  10 vault wardens
  A cacodemon (Depths:4)
  2 iron dragons (shapeshifter) (Depths:3)
  A reaper (Crypt:3)
  3 deep elf elementalists
  10 ghouls
  3 orc warlords (Vaults:1)
  2 spriggan defenders (D:15)
  3 draconian stormcallers
  14 ironheart preservers
  4 war gargoyles
  5 curse skulls
  A juggernaut skeleton (Crypt:3)
  8 draconian annihilators
  9 vampire knights
  34 stone giants
  11 green draconians
  4 deep elf demonologists
  A bennu (Tomb:2)
  4 lorocyprocas (Depths:3)
  16 very ugly things
  A dire elephant (Lair:6)
  17 red draconians
  8 white draconians
  12 spark wasps
  10 yellow draconians
  12 black draconians
  Azrael (Orc:2)
  13 deep elf annihilators
  6 bunyips
  11 purple draconians
  5 eidola
  4 entropy weavers
  3 deep elf death magi
  3 eleionomae
  Snorg (D:11)
  An ettin (shapeshifter) (Depths:2)
  13 death oozes
  14 ettins
  A shambling mangrove (Swamp:4)
  A crystal guardian (Depths:3)
  9 jiangshi
  16 fire dragons
  7 mummy priests (Tomb:1)
  Harold (D:7)
  16 yaktaur captains
  4 rakshasas
  5 deep elf high priests
  12 great orbs of eyes
  An ice dragon (shapeshifter) (Vaults:5)
  11 ice dragons
  8 boulder beetles
  34 vault guards
  A spectral shadow dragon (Crypt:3)
  3 juggernaut simulacra (Depths:3)
  24 hydras
  4 ghost crabs
  2 catoblepae (Lair:6)
  9 spriggan air magi
  A monstrous demonspawn (Depths:4)
  Erica (D:10)
  4 death knights
  A spectral fire giant (Crypt:3)
  2 spectral frost giants (Crypt:3)
  A two-headed ogre (shapeshifter) (Vaults:5)
  11 ogre magi
  An anaconda (shapeshifter) (Vaults:1)
  9 centaur warriors
  37 two-headed ogres
  5 deep troll shamans
  A spectral stone giant (Crypt:3)
  14 alligators
  5 tengu warriors
  3 death yaks (Lair:6)
  9 deep troll earth magi
  6 orc high priests
  A titan zombie (Crypt:1)
  A spectral storm dragon (Crypt:3)
  33 dancing weapons
  7 vampire magi
  7 spriggan berserkers
  9 hell knights
  32 deep elf knights
  A shock serpent (Depths:2)
  Nergalle (D:12)
  A fire crab (shapeshifter) (Vaults:1)
  A sun demon (Depths:4)
  A fire crab (Swamp:4)
  A spectral emperor scorpion (Crypt:3)
  12 shadow wraiths (Crypt:3)
  An iron troll (Depths:4)
  33 skeletal warriors
  4 wizards
  A sixfirhy (Depths:4)
  10 unseen horrors
  A torturous demonspawn (Depths:4)
  4 goliath frogs
  An unseen horror (shapeshifter) (Vaults:4)
  A sea snake (shapeshifter) (Depths:3)
  9 swamp dragons
  2 spriggan druids
  23 deep elf archers
  2 glowing orange brains
  15 deep trolls
  21 orc knights
  8 bog bodies
  8 flayed ghosts
  An obsidian statue (Zot:5)
  6 orange crystal statues
  2 swamp dragons (shapeshifter)
  29 phantasmal warriors
  4 harpies (Vaults:4)
  17 ironbrand convokers
  63 deep elf magi
  Pikel (D:5)
  10 necromancers
  13 orb spiders
  45 ugly things
  4 oklob plants (Zot:4)
  9 orc sorcerers
  A fire giant zombie (Crypt:1)
  3 shining eyes
  A frost giant zombie (Crypt:1)
  3 will-o-the-wisps
  A salamander (shapeshifter) (D:13)
  A manticore (D:14)
  3 elephants (Lair:6)
  33 moths of wrath
  7 cyclopes
  30 wolf spiders
  A goliath frog skeleton (Crypt:2)
  An elephant (shapeshifter) (Depths:4)
  6 eyes of devastation
  A stone giant skeleton (Vaults:2)
  9 black mambas
  A guardian serpent (shapeshifter) (Vaults:1)
  A dire elephant zombie (Crypt:2)
  A gargoyle (D:15)
  A torpor snail (Spider:3)
  16 cane toads
  2 ice statues (IceCv)
  16 vault sentinels
  A green draconian zombie (Crypt:2)
  2 emperor scorpion zombies
  13 freezing wraiths
  A komodo dragon (shapeshifter) (Elf:1)
  18 demonic crawlers
  8 komodo dragons
  A minotaur skeleton (Crypt:1)
  8 rime drakes
  29 yaktaurs
  A redback zombie (D:14)
  A black draconian zombie (Crypt:1)
  A hydra zombie (Swamp:4)
  A swamp worm zombie (Crypt:2)
  11 guardian mummies
  A harpy zombie (Crypt:1)
  3 tengu conjurers
  A human skeleton (Vaults:2)
  An entropy weaver simulacrum (Vaults:2)
  3 meliai
  A queen bee (Spider:3)
  9 trolls
  29 hornets
  2 wind drakes (shapeshifter)
  75 slime creatures
  27 jumping spiders
  A meliai (shapeshifter) (Vaults:1)
  A tengu simulacrum (Vaults:2)
  6 tyrant leeches
  A moth of wrath zombie (Crypt:1)
  Prince Ribbit (D:8)
  A sphinx simulacrum (Vaults:3)
  The ghost of Gerhazo the Conjurer, an amateur DrCj (D:5)
  3 raiju (shapeshifter)
  An ice dragon zombie (Tomb:1)
  A spectral swamp dragon (Crypt:3)
  Grinder (D:5)
  12 blink frogs
  19 polar bears
  2 alligator zombies
  A dream sheep (Lair:5)
  A guardian serpent zombie (Crypt:3)
  9 flying skulls (Crypt:3)
  A spriggan (shapeshifter) (Vaults:2)
  65 redbacks
  15 spriggans
  3 air elementals
  12 shadows
  A fire dragon skeleton (Crypt:3)
  A basilisk (shapeshifter) (Depths:4)
  An ice dragon skeleton (Crypt:3)
  3 water elementals
  12 wyverns
  5 ushabtiu (Tomb:1)
  15 wraiths
  7 fire elementals
  6 fire bats
  3 large abominations (Depths:2)
  59 yaks
  32 tarantellas
  3 chaos spawn
  3 steam dragons (Swamp:4)
  A golden eye (Slime:5)
  5 basilisks (D:15)
  13 vampire mosquitoes
  A naga (shapeshifter) (Depths:1)
  5 wargs
  17 swamp worms
  8 acid dragons
  8 hell hounds
  A cane toad zombie (Crypt:1)
  4 small abominations (Depths:2)
  A water moccasin (shapeshifter) (Vaults:3)
  Duvessa (D:6)
  19 water moccasins
  A soldier ant (shapeshifter) (Elf:3)
  A two-headed ogre skeleton (Crypt:1)
  9 swamp drakes
  11 ice beasts
  6 sky beasts
  2 manticore zombies (Crypt:2)
  A hornet zombie (Swamp:4)
  3 eyes of draining
  65 orc warriors
  6 necrophages
  2 black bears
  5 phantoms
  A cane toad skeleton (Crypt:1)
  2 human zombies (Vaults:1)
  39 wolves
  An ogre (shapeshifter) (Depths:3)
  A boggart (Depths:2)
  4 centaurs
  A swamp dragon skeleton (Crypt:3)
  A lindwurm skeleton (Crypt:2)
  38 ogres
  5 big kobolds
  3 yaktaur zombies
  3 earth elementals
  25 bullfrogs
  A water moccasin zombie (Swamp:4)
  2 wyvern zombies (D:12)
  Dowan (D:6)
  6 scorpions
  A troll zombie (D:11)
  21 killer bees
  A spriggan skeleton (Crypt:1)
  8 wights
  3 electric eels
  2 howler monkeys (D:11)
  A bullfrog zombie (D:6)
  A lava snake (Swamp:4)
  A spectral centaur (Crypt:3)
  7 quasits
  A human simulacrum (Vaults:2)
  3 bullfrog skeletons
  8 centaur zombies
  A gnoll shaman (D:9)
  6 hounds
  2 iron imps (Depths:4)
  7 jellies
  38 orc priests
  24 orc wizards
  6 centaur skeletons
  Jessica (D:2)
  3 iguanas
  14 worker ants
  5 hell rats (D:15)
  3 lightning spires (Zot:4)
  A felid zombie (Crypt:3)
  A felid skeleton (Crypt:3)
  8 ogre zombies
  A tengu skeleton (Crypt:2)
  2 hound zombies
  A hound skeleton (D:4)
  20 mummies
  A worker ant zombie (D:7)
  5 gnolls (D:9)
  A steam dragon zombie (Crypt:1)
  21 adders
  A howler monkey skeleton (D:11)
  2 swamp drake zombies (Swamp:4)
  2 shadow imps
  2 white imps
  3 ufetubi
  3 oozes
  An adder skeleton (D:5)
  3 worms
  4 dart slugs
  8 leopard geckos
  143 orcs
  2 ball pythons (D:3)
  10 bats
  3 giant cockroaches
  A gnoll zombie (Crypt:1)
  4 goblins
  8 hobgoblins
  11 jackals
  34 kobolds
  4 quokkas
  A ball python skeleton (Crypt:2)
  6 frilled lizards
  4 goblin skeletons (D:11)
  A goblin zombie (D:11)
  A jackal skeleton (D:9)
  3 orc skeletons
  18 orc zombies (D:11)
  2 quokka skeletons
  A quokka zombie (D:7)
  7 rats
  A spectral orc (D:4)
  A fire vortex (Lair:2)
2892 creatures vanquished.

Vanquished Creatures (collateral kills)
  2 stone giants (Crypt:2)
  A reaper (Crypt:2)
  A black draconian (Crypt:3)
  A green draconian (Crypt:3)
  2 purple draconians (Crypt:3)
  A death ooze (Slime:5)
  A slime creature (Slime:5)
  A faun skeleton (Crypt:2)
10 creatures vanquished.

Vanquished Creatures (others)
  A fire giant (Depths:3)
  A hydra (Swamp:4)
  A deep elf knight (Vaults:2)
  2 lindwurms (Swamp:4)
  2 bloated husks
  A hornet (Swamp:3)
  A redback (Spider:3)
  A spriggan (Swamp:3)
  A tarantella (Spider:3)
  2 humans (Swamp:2)
  A warg (Vaults:4)
  A steam dragon (Swamp:4)
  3 swamp drakes (Swamp:4)
  2 orcs
  6 foxfires (Swamp:2)
  27 fungi
  47 plants
100 creatures vanquished.

Grand Total: 3002 creatures vanquished

Notes
Turn   | Place    | Note
-------+----------+-------------------------------------------
     0 | D:1      | AarnesTheHuman the Formicid Fighter began the quest for the
                  | Orb.
     0 | D:1      | Reached XP level 1. HP: 18/18 MP: 1/1
   101 | D:1      | Reached XP level 2. HP: 23/24 MP: 2/2
   475 | D:1      | Reached XP level 3. HP: 29/29 MP: 3/3
   952 | D:2      | You fall into a shaft and drop 1 floor!
   964 | D:3      | Reached XP level 4. HP: 30/37 MP: 4/4
  1440 | D:2      | Noticed Jessica
  1452 | D:2      | Reached XP level 5. HP: 30/42 MP: 5/5
  1484 | D:2      | Killed Jessica
  1781 | D:2      | Found a glowing golden altar of the Shining One.
  1845 | D:2      | Reached XP level 6. HP: 20/48 MP: 6/6
  2175 | D:2      | Found a broken altar of Ashenzari.
  3103 | D:3      | Reached skill level 5 in Shields
  3394 | D:4      | Noticed an ogre
  4268 | D:4      | Reached XP level 7. HP: 54/55 MP: 7/7
  4780 | D:4      | Found a sacrificial altar of Ru.
  4835 | D:4      | Found a basalt altar of Yredelemnul.
  5029 | D:4      | Found a blossoming altar of Fedhas.
  5106 | D:5      | Entered Level 5 of the Dungeon
  5106 | D:5      | Noticed Grinder
  5186 | D:5      | Found a transporter.
  5212 | D:5      | Noticed Gerhazo's ghost (amateur DrCj)
  5291 | D:5      | Found a sparkling altar of Nemelex Xobeh.
  5294 | D:5      | Found a transporter.
  5333 | D:5      | Noticed Pikel
  5359 | D:5      | Killed Pikel
  5360 | D:5      | Reached skill level 5 in Fighting
  5360 | D:5      | Reached skill level 5 in Staves
  5360 | D:5      | Reached skill level 5 in Armour
  5360 | D:5      | Reached XP level 8. HP: 58/63 MP: 8/8
  5362 | D:5      | Killed Grinder
  6403 | D:6      | Found a staircase to the Ecumenical Temple.
  6409 | Temple   | Entered the Ecumenical Temple
  6474 | Temple   | Became a worshipper of Warmaster Okawaru
  6541 | D:6      | Noticed Duvessa
  6642 | D:6      | Noticed Dowan
  6802 | D:6      | Killed Duvessa
  6872 | D:6      | Killed Dowan
  6873 | D:6      | Reached XP level 9. HP: 57/69 MP: 9/9
  6877 | D:6      | Found a radiant altar of Vehumet.
  7380 | D:6      | Noticed a troll
  8338 | D:7      | Found a shimmering blue altar of Sif Muna.
  8359 | D:7      | Identified Sif Muna's Disquisition on Transmigration
  8503 | D:7      | Found a bloodstained altar of Trog.
  8710 | D:7      | Noticed Harold
  8746 | D:7      | HP: 3/71 [Harold/+0 scimitar (16)]
  8757 | D:7      | Killed Harold
  8757 | D:7      | Reached * piety under Okawaru
  8757 | D:7      | Reached ** piety under Okawaru
  9694 | D:8      | Reached XP level 10. HP: 79/79 MP: 10/10
  9723 | D:8      | Noticed Prince Ribbit
 10081 | D:8      | Killed Prince Ribbit
 10279 | D:8      | Found a staircase to the Lair.
 10684 | D:8      | Found a stormy altar of Qazlal.
 11575 | D:8      | Found a shimmering altar of Xom.
 11649 | D:9      | Reached *** piety under Okawaru
 12049 | D:9      | Found a hide-covered altar of Uskayaw.
 13403 | D:9      | Reached skill level 10 in Staves
 13557 | D:9      | Reached XP level 11. HP: 85/87 MP: 11/11
 13677 | D:10     | Entered Level 10 of the Dungeon
 13753 | D:10     | Noticed an unseen horror
 13772 | D:10     | Found Xyjo Eti's Gadget Shoppe.
 13803 | D:10     | Noticed Erica
 13823 | D:10     | Killed Erica
 13823 | D:10     | Reached **** piety under Okawaru
 14624 | D:10     | Found Jyvaidghehe's Distillery.
 14773 | D:10     | Reached skill level 10 in Shields
 15118 | D:11     | Reached ***** piety under Okawaru
 15318 | D:11     | Found a staircase to the Orcish Mines.
 15843 | D:11     | Received a gift from Okawaru
 15860 | D:11     | Found the +5 scythe "Finisher" {speed, eviscerate}
 15922 | D:11     | Received a gift from Okawaru
 16356 | D:11     | Reached XP level 12. HP: 96/96 MP: 12/12
 16371 | D:11     | Reached skill level 1 in Evocations
 16495 | D:12     | Noticed Snorg
 16508 | D:11     | Killed Snorg
 17245 | D:12     | Reached skill level 1 in Crossbows
 17264 | D:12     | Noticed a four-headed hydra
 17321 | D:12     | Noticed a skeletal warrior
 17322 | D:12     | Noticed a skeletal warrior
 17460 | D:12     | Reached skill level 10 in Armour
 17504 | D:12     | Noticed a skeletal warrior
 17506 | D:12     | Noticed a skeletal warrior
 17511 | D:12     | Noticed a skeletal warrior
 17520 | D:12     | Killed a skeletal warrior
 17521 | D:12     | Reached skill level 10 in Fighting
 17953 | D:11     | Killed a skeletal warrior
 17954 | D:11     | Reached skill level 2 in Crossbows
 18107 | D:12     | Killed a skeletal warrior
 18107 | D:12     | Received a gift from Okawaru
 18121 | D:12     | Killed a skeletal warrior
 18122 | D:12     | Reached skill level 3 in Crossbows
 18301 | D:12     | Killed a skeletal warrior
 18309 | D:12     | You fall into a shaft and drop 1 floor!
 18355 | D:13     | Found Ufiapn Dycre's Gadget Shoppe.
 18393 | D:13     | Reached skill level 4 in Crossbows
 18691 | D:13     | Found Folliyt's Assorted Antiques.
 18738 | D:13     | Found Ziys's Armour Emporium.
 18738 | D:13     | Noticed a death knight
 18753 | D:13     | Killed a death knight
 18754 | D:13     | Reached XP level 13. HP: 78/104 MP: 11/13
 19040 | D:12     | Reached skill level 5 in Crossbows
 19232 | D:12     | Noticed a six-headed hydra
 19324 | D:12     | Reached skill level 5 in Evocations
 19332 | D:12     | Noticed Nergalle
 19358 | D:12     | Killed Nergalle
 19649 | D:12     | Got a heavily runed jade amulet
 19677 | D:12     | Killed a six-headed hydra
 19678 | D:12     | Reached skill level 6 in Crossbows
 19698 | D:12     | Killed a four-headed hydra
 19698 | D:12     | Received a gift from Okawaru
 20282 | D:12     | Identified the amulet "Guhol" {Reflect *Contam Str+2 Dex+2
                  | Slay+3 SH+5} (You found it on level 12 of the Dungeon)
 20907 | D:13     | Noticed a centaur warrior
 20909 | D:13     | Noticed a centaur warrior
 20910 | D:13     | Killed a centaur warrior
 20913 | D:13     | Killed a centaur warrior
 21059 | D:13     | Noticed a boulder beetle
 21095 | D:12     | Killed a boulder beetle
 21244 | D:13     | Received a gift from Okawaru
 21252 | D:13     | Reached ****** piety under Okawaru
 21253 | D:13     | Reached skill level 7 in Crossbows
 21544 | D:13     | Found Micsig's Jewellery Shop.
 21569 | D:13     | Found a gate to the Vaults.
 21591 | D:13     | Received a gift from Okawaru
 21597 | D:13     | Reached XP level 14. HP: 79/113 MP: 12/14
 21611 | D:13     | Got a smoking plate armour {god gift}
 21622 | D:13     | Identified the +1 plate armour of Dyspraxia {*Drain Int+4
                  | SInv} (Okawaru gifted it to you on level 13 of the Dungeon)
 22107 | D:13     | Found Jyleca's Armour Shoppe.
 22162 | D:13     | Reached skill level 8 in Crossbows
 22171 | D:13     | Bought the +3 pair of gauntlets of War {Slay+5} for 807
                  | gold pieces
 22171 | D:13     | Found the +3 pair of gauntlets of War {Slay+5}
 22445 | D:5      | Killed Gerhazo's ghost
 22982 | D:14     | Reached skill level 9 in Crossbows
 23022 | D:14     | Noticed Jorgrun
 23031 | D:15     | Entered Level 15 of the Dungeon
 23245 | D:15     | Found a broken altar of Ashenzari.
 23413 | D:15     | Found a white marble altar of Elyvilon.
 23976 | D:15     | Found a staircase to the Depths.
 24181 | D:15     | Received a gift from Okawaru
 24191 | D:15     | Reached skill level 10 in Crossbows
 24460 | Lair:1   | Entered Level 1 of the Lair of Beasts
 24480 | Lair:1   | Found a runed translucent door.
 24480 | Lair:1   | Noticed kalagan's ghost (journeyman DECj)
 24610 | Lair:1   | Received a gift from Okawaru
 24633 | Lair:1   | Reached XP level 15. HP: 102/122 MP: 15/15
 25467 | Lair:2   | Received a gift from Okawaru
 26114 | Lair:2   | Found a hole to the Spider Nest.
 26382 | Lair:2   | Found the +8 whip "Snakebite" {curare, rPois}
 26747 | Lair:3   | Found a staircase to the Swamp.
 26917 | Lair:3   | Found a transporter.
 26919 | Lair:3   | Found a transporter.
 27054 | Lair:3   | Reached skill level 11 in Crossbows
 27100 | Lair:3   | You fall into a shaft and drop 1 floor!
 27829 | Lair:3   | You fall into a shaft and drop 2 floors!
 27829 | Lair:5   | Found a blossoming altar of Fedhas.
 28928 | Lair:5   | Reached skill level 1 in Invocations
 29670 | Lair:6   | Entered Level 6 of the Lair of Beasts
 29734 | Lair:6   | Found a runed translucent door.
 29736 | Lair:6   | Found a viscous altar of Jiyva.
 29737 | Lair:6   | Found a staircase to the Slime Pits.
 29737 | Lair:6   | Noticed an acid blob
 29741 | Lair:6   | Received a gift from Okawaru
 29742 | Lair:6   | Noticed an acid blob
 29803 | Lair:6   | Reached skill level 12 in Crossbows
 29809 | Lair:6   | Received a gift from Okawaru
 29818 | Lair:6   | Found a frozen archway.
 29847 | Lair:6   | Reached XP level 16. HP: 127/131 MP: 18/18
 29856 | IceCv    | Entered an ice cave
 29974 | IceCv    | Received a gift from Okawaru
 30062 | IceCv    | Noticed a frost giant
 30075 | IceCv    | Killed a frost giant
 30121 | IceCv    | Got a bloodstained battleaxe
 30124 | IceCv    | Got a crystal battleaxe
 30126 | IceCv    | Got a crude great sword
 31092 | Lair:6   | Reached skill level 5 in Invocations
 31118 | Lair:6   | Received a gift from Okawaru
 31283 | Lair:6   | Reached skill level 13 in Crossbows
 31796 | Orc:1    | Entered Level 1 of the Orcish Mines
 31848 | Orc:1    | Received a gift from Okawaru
 32374 | Orc:1    | Found a runed translucent door.
 32377 | Orc:1    | Found the +10 tower shield of Ignorance {rN+ Int-4}
 32503 | Orc:1    | Found a runed translucent door.
 33725 | Orc:2    | Entered Level 2 of the Orcish Mines
 34364 | Orc:2    | Found a staircase to the Elven Halls.
 34522 | Orc:2    | Noticed Azrael
 34547 | Orc:2    | Killed Azrael
 34547 | Orc:2    | Received a gift from Okawaru
 34636 | Orc:2    | Noticed Saint Roka
 34772 | Orc:2    | Killed Saint Roka
 34773 | Orc:2    | Reached XP level 17. HP: 127/138 MP: 15/21
 34862 | Orc:2    | Found a roughly hewn altar of Beogh.
 34885 | Orc:2    | Found Sohobrob's Antique Weapon Emporium.
 34889 | Orc:2    | Found Zolan's Book Shoppe.
 35811 | Orc:2    | Found a roughly hewn altar of Beogh.
 35828 | Orc:2    | Found Winus's Antique Armour Shoppe.
 36062 | Orc:2    | Received a gift from Okawaru
 36066 | Orc:2    | Found Nef Yhow's Antique Armour Shop.
 36089 | Orc:2    | Got a crystal quarterstaff {god gift}
 36090 | Orc:2    | Identified the +0 quarterstaff of Rotation {vorpal, rPois
                  | Str+4} (Okawaru gifted it to you on level 2 of the Orcish
                  | Mines)
 37052 | D:14     | Killed Jorgrun
 37053 | D:14     | Reached skill level 14 in Crossbows
 38145 | Swamp:1  | Entered Level 1 of the Swamp
 38419 | Swamp:1  | Received a gift from Okawaru
 39007 | Swamp:2  | Received a gift from Okawaru
 39069 | Swamp:2  | Reached skill level 15 in Shields
 39406 | Swamp:2  | Noticed Kirke
 39438 | Swamp:2  | Killed Kirke
 39439 | Swamp:2  | Reached skill level 15 in Crossbows
 39439 | Swamp:2  | Reached XP level 18. HP: 145/145 MP: 15/22
 40295 | Swamp:3  | Received a gift from Okawaru
 40753 | Swamp:3  | Noticed Nikola
 41184 | Swamp:3  | Reached skill level 16 in Crossbows
 41320 | Swamp:3  | Noticed a tentacled monstrosity
 41334 | Swamp:3  | Killed a tentacled monstrosity
 42050 | Swamp:3  | Killed Nikola
 42203 | Swamp:4  | Entered Level 4 of the Swamp
 42785 | Swamp:4  | Noticed Aizul
 43214 | Swamp:4  | Killed Aizul
 43215 | Swamp:4  | Reached skill level 17 in Crossbows
 44127 | Swamp:4  | Received a gift from Okawaru
 44200 | Swamp:4  | Got a decaying rune of Zot
 44382 | Swamp:4  | Reached XP level 19. HP: 151/151 MP: 23/23
 44941 | D:13     | Bought a +1 cloak of poison resistance for 229 gold pieces
 45126 | Spider:1 | Entered Level 1 of the Spider Nest
 45224 | Spider:1 | Received a gift from Okawaru
 45230 | Lair:2   | Reached skill level 18 in Crossbows
 49783 | Spider:4 | Entered Level 4 of the Spider Nest
 49797 | Spider:4 | Reached skill level 15 in Armour
 50013 | Spider:4 | Reached skill level 15 in Fighting
 50084 | Spider:4 | Received a gift from Okawaru
 50165 | Spider:4 | Noticed Bai Suzhen
 50394 | Spider:4 | Killed Bai Suzhen
 50394 | Spider:4 | Received a gift from Okawaru
 50397 | Spider:4 | Got a buzzing quarterstaff {god gift}
 50428 | Spider:4 | Identified the +5 quarterstaff of Neihul {vorpal, +Fly}
                  | (Okawaru gifted it to you on level 4 of the Spider Nest)
 50505 | Spider:4 | Reached XP level 20. HP: 162/162 MP: 12/26
 50623 | Spider:4 | Received a gift from Okawaru
 51073 | Spider:4 | Got a gossamer rune of Zot
 51654 | Depths:1 | Entered Level 1 of the Depths
 51672 | Depths:1 | Found a flickering gateway to a bazaar.
 51687 | Bazaar   | Entered a bazaar
 51689 | Bazaar   | Found Vimuj's Antique Weapon Boutique.
 51693 | Bazaar   | Found Qene's Antique Armour Boutique.
 51693 | Bazaar   | Found Sygh's Antique Armour Boutique.
 51693 | Bazaar   | Found Fatrat's Gadget Boutique.
 51711 | Bazaar   | Bought a masterwork chain mail for 218 gold pieces
 51711 | Bazaar   | Identified the cursed +1 chain mail of the Camelopard {rF-
                  | Will+ Regen+} (You bought it in a shop in a bazaar)
 51741 | Bazaar   | Bought a glowing plate armour for 598 gold pieces
 52018 | Depths:1 | Noticed Margery
 52041 | Depths:1 | Killed Margery
 52060 | Depths:1 | Found Onoenikh's Gadget Shoppe.
 52281 | Depths:1 | Found Rava Haxta's Jewellery Emporium.
 52283 | Depths:1 | Found Poymosaf's Magic Scroll Shoppe.
 52615 | Depths:1 | Identified a scroll of acquirement
 52644 | Depths:1 | Acquired the ring "Oxeh" {rPois rF+ rN++ Str+6}
 52681 | Depths:1 | Found a gateway to Hell.
 52717 | Depths:1 | Received a gift from Okawaru
 53193 | Depths:1 | Found a runed translucent door.
 53200 | Depths:1 | Noticed a tentacled monstrosity
 53223 | Depths:1 | Killed a tentacled monstrosity
 53288 | Depths:1 | Learned a level 2 spell: Passwall
 53398 | Depths:2 | Found a one-way gate to the infinite horrors of the Abyss.
 53404 | Depths:2 | Reached XP level 21. HP: 173/173 MP: 24/27
 53420 | Depths:2 | Reached skill level 1 in Earth Magic
 53427 | Depths:2 | Reached skill level 1 in Transmutations
 53452 | Depths:2 | Reached skill level 1 in Spellcasting
 53603 | Depths:2 | Found Hagrok's General Store.
 53757 | Depths:2 | Found Yqag's Antique Weapon Emporium.
 53934 | Depths:2 | Found Xameax's Distillery.
 53979 | Depths:2 | Found Efait's Assorted Antiques.
 53997 | Depths:2 | Found a runed translucent gate.
 53997 | Depths:2 | Found a runed translucent gate.
 53997 | Depths:2 | Found a runed translucent gate.
 54070 | Depths:2 | Noticed an ancient lich
 54071 | Depths:2 | Noticed Ecriak's ghost (adept MiFi)
 54071 | Depths:2 | Noticed an ancient lich
 54501 | Depths:2 | Received a gift from Okawaru
 54699 | Depths:2 | Noticed a golden dragon
 54703 | Depths:2 | Found a runed translucent door.
 54884 | Depths:2 | Found a burning altar of Makhleb.
 54930 | Depths:2 | Received a gift from Okawaru
 55098 | Depths:2 | Found a runed translucent door.
 55098 | Depths:2 | Found a runed translucent door.
 55726 | Depths:3 | Found a one-way gate leading to the halls of Pandemonium.
 55927 | Depths:3 | Reached skill level 5 in Earth Magic
 55965 | Depths:3 | Received a gift from Okawaru
 56090 | Depths:3 | Noticed a golden dragon
 56094 | Depths:3 | Killed a golden dragon
 56095 | Depths:3 | Reached skill level 5 in Transmutations
 56185 | Depths:3 | Reached XP level 22. HP: 173/182 MP: 29/29
 56264 | Depths:3 | Reached skill level 5 in Spellcasting
 56483 | Depths:3 | Received a gift from Okawaru
 56497 | Depths:3 | Noticed a caustic shrike
 56497 | Depths:3 | Noticed Xtahua
 56520 | Depths:2 | Killed Xtahua
 56552 | Depths:3 | Killed a caustic shrike
 56827 | Depths:3 | Received a gift from Okawaru
 56831 | Depths:3 | Got a twisted plate armour {god gift}
 56832 | Depths:3 | Identified the +1 plate armour of Daisies {Slay+3 Stlth+}
                  | (Okawaru gifted it to you on level 3 of the Depths)
 58407 | Depths:4 | Found a gateway to a ziggurat.
 58662 | Depths:4 | Reached XP level 23. HP: 157/190 MP: 32/32
 58881 | Depths:4 | Found a viscous altar of Jiyva.
 58931 | Depths:4 | Received a gift from Okawaru
 58932 | Depths:4 | Got a translucent scale mail {god gift}
 59034 | Depths:4 | Gained mutation: You are clumsy. (Dex -2) [a cacodemon]
 59044 | Depths:4 | Gained mutation: You are somewhat resistant to further
                  | mutation. [a cacodemon]
 59077 | Depths:4 | Noticed Boris
 59112 | Depths:4 | Killed Boris
 59554 | Depths:4 | Found a transporter.
 59712 | Depths:4 | Found a radiant altar of Vehumet.
 59922 | Depths:4 | Found a runed translucent door.
 59972 | Depths:4 | Noticed Pets's ghost (adept TrMo)
 59986 | Depths:4 | Killed Pets's ghost
 59994 | Depths:4 | Identified the Guide on Igneous Sinister Rituals
 60022 | Depths:5 | Entered Level 5 of the Depths
 60057 | Depths:5 | Reached skill level 19 in Crossbows
 60686 | Depths:5 | Reached skill level 10 in Invocations
 60734 | Depths:5 | Noticed a golden dragon
 60734 | Depths:5 | Noticed a golden dragon
 60742 | Depths:5 | Killed a golden dragon
 60749 | Depths:5 | Killed a golden dragon
 60749 | Depths:5 | Received a gift from Okawaru
 60753 | Depths:5 | Found a gate to the Realm of Zot.
 60965 | Depths:5 | Received a gift from Okawaru
 61561 | Vaults:1 | Entered Level 1 of the Vaults
 61942 | Vaults:1 | Received a gift from Okawaru
 61948 | Vaults:1 | Reached XP level 24. HP: 194/201 MP: 27/32
 62357 | Vaults:1 | Noticed Boris
 62373 | Vaults:1 | Killed Boris
 62512 | Vaults:1 | Found a runed translucent gate.
 62512 | Vaults:1 | Found a runed translucent gate.
 62512 | Vaults:1 | Identified the +6 battleaxe "Killer Bee's Bane" {holy, rC+
                  | rN++ Will-}
 62512 | Vaults:1 | Identified the +2 plate armour "Corchiwal" {rPois rF-
                  | Regen+ Str+3 Slay+2}
 62512 | Vaults:1 | Identified the +1 leather armour of Indecent Exposure
                  | {rPois}
 62512 | Vaults:1 | Noticed royokou's ghost (veteran MiFi)
 62514 | Vaults:1 | Found a runed translucent gate.
 62514 | Vaults:1 | Identified the +1 great sword "Mutseowk" {vorpal, Int+7}
 62516 | Vaults:1 | Found a roughly hewn altar of Beogh.
 62516 | Vaults:1 | Identified the +8 morningstar "Wargheagg" {vorpal, Stlth+}
 62516 | Vaults:1 | Identified the +1 plate armour of Fortitude {Will++}
 62541 | Vaults:1 | Received a gift from Okawaru
 62618 | Vaults:1 | Killed royokou's ghost
 62619 | Vaults:1 | Reached skill level 20 in Crossbows
 62718 | Vaults:1 | Got a pair of polished gloves
 62720 | Vaults:1 | Identified the +0 pair of gloves "Leegateh" {rC++ rCorr}
                  | (You found it on level 1 of the Vaults)
 63121 | Vaults:1 | Received a gift from Okawaru
 63819 | Vaults:2 | Received a gift from Okawaru
 64259 | Vaults:2 | Found a staircase to the Crypt.
 64340 | Vaults:2 | Noticed Boris
 64351 | Vaults:2 | Killed Boris
 64802 | Vaults:2 | Found a portal to a secret trove of treasure.
 65316 | Vaults:2 | You paid a toll of a +5 demon trident to enter a treasure
                  | trove
 65317 | Trove    | Entered a treasure trove
 65322 | Trove    | Got a heavily runed granite ring
 65326 | Trove    | Got a transparent pewter amulet
 65328 | Trove    | Got a twitching bone ring
 65330 | Trove    | Got a pitted pewter ring
 65334 | Trove    | Got a warped golden ring
 65336 | Trove    | Got an ancient lead ring
 65338 | Trove    | Got a warped bronze ring
 65342 | Trove    | Got a heavily runed lead ring
 65349 | Trove    | Got a smoking brass ring
 65357 | Vaults:2 | Identified the ring of the Prince of Darkness {rElec rC+
                  | Str+6 Dex+5} (You found it in a treasure trove)
 65358 | Vaults:2 | Identified the amulet of Foolhardiness {RegenMP rN+ MP+9
                  | Dex+3} (You found it in a treasure trove)
 65359 | Vaults:2 | Identified the ring of the Heavens {rElec Str+2 Slay+4}
                  | (You found it in a treasure trove)
 65360 | Vaults:2 | Identified the ring of the Cockatrice {rF+++ rC- Int+6
                  | Slay+4} (You found it in a treasure trove)
 65361 | Vaults:2 | Identified the ring of the Yeti {rC++ Str+6 SInv} (You
                  | found it in a treasure trove)
 65362 | Vaults:2 | Identified the ring of Qogagieqo {Ice *Contam Str+4 Dex+3}
                  | (You found it in a treasure trove)
 65363 | Vaults:2 | Identified the ring "Archazow" {rElec rPois Str+3} (You
                  | found it in a treasure trove)
 65364 | Vaults:2 | Identified the ring "Nimeis" {Ice *Contam rElec Int+4
                  | Dex+2} (You found it in a treasure trove)
 65365 | Vaults:2 | Identified the ring of Vellita {Str+6 Int+7 Slay+2} (You
                  | found it in a treasure trove)
 65998 | Vaults:2 | Reached XP level 25. HP: 194/210 MP: 32/32
 66160 | Vaults:2 | Got a crude amethyst amulet
 66162 | Vaults:2 | Identified the amulet "Imumeph" {Faith rF+ Int+4} (You
                  | found it on level 2 of the Vaults)
 66225 | Vaults:3 | Found a flickering gateway to a bazaar.
 66239 | Bazaar   | Entered a bazaar
 66239 | Bazaar   | Found Xaxzya Leit's Armour Shop.
 66239 | Bazaar   | Found Lown's Weapon Boutique.
 66266 | Bazaar   | Found Epufro's General Store.
 66298 | Bazaar   | Found Kuen's Magic Scroll Emporium.
 66312 | Bazaar   | Found Fagiceg's Magic Scroll Shoppe.
 66419 | Bazaar   | Bought a scroll of enchant weapon for 82 gold pieces
 66434 | Bazaar   | Bought a scroll of enchant weapon for 97 gold pieces
 66516 | Vaults:3 | Found a sparkling altar of Nemelex Xobeh.
 66851 | Vaults:3 | Received a gift from Okawaru
 67006 | Vaults:3 | Received a gift from Okawaru
 67012 | Vaults:3 | Got an amber-encrusted chain mail {god gift}
 67013 | Vaults:3 | Identified the +1 chain mail "Gekairgh" {rElec Regen+
                  | rCorr} (Okawaru gifted it to you on level 3 of the Vaults)
 67627 | Vaults:3 | Reached skill level 21 in Crossbows
 67680 | Vaults:3 | Cast into level 2 of the Abyss (a ghostly deep elf
                  | sorcerer)
 67731 | Abyss:2  | Found a corrupted altar of Lugonu.
 67806 | Vaults:3 | Escaped the Abyss
 67995 | Vaults:4 | Found a large runed translucent door.
 67995 | Vaults:4 | Found a large runed translucent door.
 67995 | Vaults:4 | Noticed Adoajy's ghost (adept DsWr)
 67995 | Vaults:4 | Noticed Switch's ghost (veteran DDFi)
 68099 | Vaults:4 | Noticed Sojobo
 68108 | Vaults:4 | Killed Sojobo
 68143 | Vaults:4 | Noticed Mennas
 68163 | Vaults:4 | Killed Mennas
 68280 | Vaults:4 | Noticed Boris
 68293 | Vaults:4 | Killed Boris
 68638 | Vaults:4 | Received a gift from Okawaru
 68901 | Vaults:4 | Reached XP level 26. HP: 216/219 MP: 27/32
 69559 | Elf:1    | Entered Level 1 of the Elven Halls
 69843 | Elf:1    | Received a gift from Okawaru
 70192 | Elf:1    | Got a faintly humming plate armour
 70193 | Elf:1    | Identified the +7 plate armour of Parlour Games {Harm rF+
                  | Str-2 Int+7} (You found it on level 1 of the Elven Halls)
 70769 | Elf:2    | Found a shimmering blue altar of Sif Muna.
 70946 | Elf:2    | Reached skill level 22 in Crossbows
 70996 | Elf:2    | Found a runed translucent gate.
 70996 | Elf:2    | Found a runed translucent gate.
 70998 | Elf:2    | Found a runed translucent gate.
 71013 | Elf:2    | Received a gift from Okawaru
 71622 | Elf:3    | Entered Level 3 of the Elven Halls
 71677 | Elf:3    | Found Maim's Distillery.
 72081 | Elf:3    | Found Ygodaor's Book Shop.
 72082 | Elf:3    | Found Puguant's Armour Shop.
 72083 | Elf:3    | Found Dathre Tofa's Armour Shop.
 72083 | Elf:3    | Found Wepeh's Antique Weapon Shop.
 72784 | Elf:3    | Received a gift from Okawaru
 72834 | Elf:3    | Identified the Grimoire of Flying Flames
 72897 | Elf:3    | Identified the +6 halberd "Dasugiod" {flame, +Inv}
 72952 | Elf:3    | Got a heavily runed iron ring
 72956 | Elf:3    | Identified the ring of Zenau {+Fly rC+ Int+4 Dex-4} (You
                  | found it on level 3 of the Elven Halls)
 72985 | Elf:3    | Reached XP level 27. HP: 227/228 MP: 27/33
 73117 | Elf:3    | Acquired the +6 arbalest "Damnation" {damnation}
 73118 | Elf:3    | Found the +6 arbalest "Damnation" {damnation}
 74073 | Vaults:5 | Entered Level 5 of the Vaults
 74121 | Vaults:4 | Reached skill level 23 in Crossbows
 74640 | Vaults:5 | Received a gift from Okawaru
 74641 | Vaults:5 | Reached skill level 24 in Crossbows
 74646 | Vaults:5 | Identified the +6 war axe "Taiwn" {venom, Str+7}
 74981 | Vaults:4 | Received a gift from Okawaru
 75013 | Vaults:4 | Received a gift from Okawaru
 75335 | Vaults:5 | Identified the ring "Qeozetea" {rC+ MP-9 AC+4 Dex+2 Stlth+}
 75890 | Vaults:5 | Got a silver rune of Zot
 76491 | Vaults:5 | Got a faintly humming chain mail
 77338 | Zot:1    | Entered Level 1 of the Realm of Zot
 77386 | Zot:1    | Reached skill level 25 in Crossbows
 78385 | Zot:1    | Got a bloodstained chain mail
 78386 | Zot:1    | Identified the +0 chain mail of Nietwe {rN+ Str+3 Dex+3}
                  | (You found it on level 1 of the Realm of Zot)
 78572 | Zot:1    | Received a gift from Okawaru
 79130 | Zot:2    | Reached skill level 26 in Crossbows
 79164 | Zot:1    | Received a gift from Okawaru
 79995 | D:11     | Learned a level 5 spell: Borgnjor's Vile Clutch
 80420 | Zot:2    | Received a gift from Okawaru
 80508 | Zot:2    | Reached skill level 1 in Necromancy
 80622 | Zot:2    | Received a gift from Okawaru
 80713 | Zot:2    | You fall into a shaft and drop 2 floors!
 80777 | Zot:2    | Found a stormy altar of Qazlal.
 80777 | Zot:2    | Noticed an ancient lich
 80785 | Zot:3    | Killed an ancient lich
 81059 | Zot:2    | Reached skill level 10 in Earth Magic
 81150 | Zot:2    | Received a gift from Okawaru
 81711 | Zot:2    | Received a gift from Okawaru
 81966 | Zot:2    | Received a gift from Okawaru
 82752 | Zot:3    | Learned a level 5 spell: Lee's Rapid Deconstruction
 82984 | Zot:3    | Received a gift from Okawaru
 83044 | Zot:3    | Reached skill level 5 in Necromancy
 83429 | Zot:3    | Reached skill level 15 in Invocations
 83443 | Zot:3    | Found a transporter.
 83984 | Zot:3    | Found a transporter.
 84699 | Orc:2    | Bought a shiny crystal plate armour for 3237 gold pieces
 86009 | Zot:5    | Entered Level 5 of the Realm of Zot
 86568 | Zot:5    | Received a gift from Okawaru
 87129 | Zot:5    | Noticed a Killer Klown
 87149 | Zot:5    | a Killer Klown changed into a fenstrider witch
 87796 | Zot:5    | Noticed a Killer Klown
 87800 | Zot:5    | Killed a Killer Klown
 87801 | Zot:5    | Noticed a Killer Klown
 88099 | Zot:5    | Noticed a Killer Klown
 88110 | Zot:5    | Killed a Killer Klown
 88327 | Zot:5    | Noticed an ancient lich
 88327 | Zot:5    | Noticed a Killer Klown
 88346 | Zot:5    | Killed a Killer Klown
 88353 | Zot:5    | Killed an ancient lich
 88511 | Zot:5    | Noticed an orb of fire
 88518 | Zot:5    | Killed an orb of fire
 88518 | Zot:5    | Received a gift from Okawaru
 88615 | Zot:5    | Noticed an orb of fire
 88620 | Zot:5    | Noticed a Killer Klown
 88624 | Zot:5    | Killed an orb of fire
 88631 | Zot:5    | Killed a Killer Klown
 88636 | Zot:5    | Killed a Killer Klown
 88785 | Zot:5    | Noticed an orb of fire
 88799 | Zot:5    | Gained mutation: You are dopey. (Int -2) [an orb of fire]
 88800 | Zot:5    | Reached skill level 10 in Spellcasting
 88803 | Zot:5    | Killed an orb of fire
 88947 | Zot:5    | Reached skill level 15 in Earth Magic
 89003 | Zot:5    | Received a gift from Okawaru
 89017 | Zot:5    | Noticed an orb of fire
 89028 | Zot:5    | Killed an orb of fire
 89042 | Zot:5    | Received a gift from Okawaru
 89058 | Zot:5    | Noticed an orb of fire
 89061 | Zot:5    | Killed an orb of fire
 89061 | Zot:5    | Received a gift from Okawaru
 89065 | Zot:5    | Noticed an orb of fire
 89069 | Zot:5    | Killed an orb of fire
 89121 | Zot:5    | Learned a level 2 spell: Slow
 89126 | Zot:5    | Learned a level 4 spell: Passage of Golubria
 90810 | Temple   | Fell from the grace of Okawaru
 90810 | Temple   | Became a worshipper of the Shining One
 91049 | Depths:1 | Bought a scroll of enchant weapon for 97 gold pieces
 91346 | Crypt:1  | Entered Level 1 of the Crypt
 91347 | Crypt:1  | Noticed Boris
 91351 | Crypt:1  | Killed Boris
 91475 | Crypt:1  | Reached skill level 1 in Translocations
 91516 | Crypt:1  | Reached * piety under the Shining One
 91662 | Crypt:1  | Reached ** piety under the Shining One
 92175 | Crypt:1  | Reached *** piety under the Shining One
 92831 | Crypt:2  | Reached **** piety under the Shining One
 92923 | Crypt:2  | Noticed Mara
 92930 | Crypt:2  | Noticed AarnesTheHuman's illusion
 92934 | Crypt:2  | Killed Mara
 92997 | Crypt:2  | Reached ***** piety under the Shining One
 93752 | Crypt:3  | Entered Level 3 of the Crypt
 95407 | Crypt:3  | Reached ****** piety under the Shining One
 95415 | Crypt:3  | Found a staircase to the Tomb.
 95638 | Crypt:3  | Identified a +9 triple crossbow of holy wrath (a +7 triple
                  | crossbow of flaming blessed by the Shining One)
 95638 | Crypt:3  | Received a gift from the Shining One
 95685 | Crypt:3  | Found a basalt altar of Yredelemnul.
 95731 | Crypt:3  | Reached skill level 5 in Translocations
 95770 | Crypt:3  | Identified Namev's Handbook of Necromancy
 95785 | Crypt:3  | Got a smoking iron ring
 95785 | Crypt:3  | Got a vibrating wooden ring
 95788 | Crypt:3  | Identified the ring "Dyenluoq" {+Inv rElec rN+ MP+9 Int+4}
                  | (You found it on level 3 of the Crypt)
 95789 | Crypt:3  | Identified the ring of the Fool {+Blink rPois rN+} (You
                  | found it on level 3 of the Crypt)
 96230 | Crypt:3  | Got a dazzling chain mail
 96231 | Crypt:3  | Identified the +3 chain mail of the Endless Expanse {rPois
                  | rN+ rCorr Int+3} (You found it on level 3 of the Crypt)
 96566 | Crypt:3  | Was forgiven by Okawaru
 96682 | Tomb:1   | Entered Level 1 of the Tomb of the Ancients
 97422 | Slime:1  | Entered Level 1 of the Pits of Slime
 97716 | Slime:5  | Entered Level 5 of the Pits of Slime
 99267 | Slime:5  | Noticed the Royal Jelly
 99275 | Slime:5  | Was placed under penance by the Shining One
 99287 | Slime:5  | Killed the Royal Jelly
 99618 | Slime:5  | Got a slimy rune of Zot
 99710 | Slime:5  | Identified Sif Muna's Tome of Cloudy Heat
101148 | Tomb:1   | Was forgiven by the Shining One
101171 | Tomb:1   | Noticed a royal mummy
101176 | Tomb:1   | Killed a royal mummy
101176 | Tomb:1   | Noticed a royal mummy
101177 | Tomb:1   | Killed a royal mummy
101870 | Tomb:2   | Noticed a royal mummy
101870 | Tomb:2   | Noticed a royal mummy
101870 | Tomb:2   | Noticed a royal mummy
101870 | Tomb:2   | Noticed Jory
101870 | Tomb:2   | Noticed a royal mummy
101880 | Tomb:2   | HP: 9/240 [bennu (4)]
101881 | Tomb:2   | The Shining One protects you from harm!
101881 | Tomb:2   | HP: 1/240 [bennu (9)]
101882 | Tomb:2   | The Shining One protects you from harm!
101882 | Tomb:2   | Slain by a guardian mummy

Illustrated notes

Levels and vault maps discovered:
D:1:      dpeg_arrival_signposts, layout_rooms, serial_park_tiny_pond,
          chequers_mini_garden, minmay_misc_feat_ornament
D:2:      layout_rooms, general_overflow_altar, tso_altar, uniq_jessica
D:3:      layout_basic, minmay_misc_feat_iff, corexii_item_surrounded_by_moat
D:4:      layout_basic, fedhas_altar_4, yredelemnul_forgotten_temple_becter,
          nicolae_ru_sacrificial_ziggurat
D:5:      layout_basic, gammafunk_ghost_stat_death,
          nemelex_xobeh_ov_fountains_minmay, uniq_pikel, uniq_grinder
D:6:      layout_gridville, vehumet_altar_wand_db, minmay_temple_entry_tees,
          uniq_duvessa
D:7:      layout_basic, nzn_overflow_gifts_of_might_and_magic, uniq_harold
D:8:      layout_rooms, marbit_many_paths, nicolae_overflow_hidden_temple,
          minmay_unpleasant_kobolds, uniq_prince_ribbit1
D:9:      layout_irregular_city, nicolae_overflow_crystal_walls
D:10:     layout_roguey, serial_shops, shop, shop, the_bakery, uniq_erica
D:11:     layout_gridville, zombieorc2_lemuel, minmay_guarded_unrand_finisher
D:12:     minmay_bubble_buster, layout_loops_ring, uniq_snorg, uniq_nergalle
D:13:     layout_gridville, david_vaults_1, serial_shops, shop,
          nicolae_shop_behind_doors, shop_statue, shop_fountains, shop,
          hangedman_corner_corridor
D:14:     layout_irregular_city, minivault_27, uniq_jorgrun
D:15:     hangedman_depths_entry_civil_slaughter, layout_basic,
          elyvilon_altar_1, special_room [special_room_mythical_zoo],
          nicolae_ashenzari_panopticon
Temple:   minmay_temple_bridge_abc
Lair:1:   layout_gridlike, ebering_ghost_reflecting_pool, serial_bayou_shore_a,
          grunt_megastairs_3, serial_bayou_shore_b
Lair:2:   minmay_guarded_unrand_snakebite, layout_gridlike, dummy_spider_entry
Lair:3:   gammafunk_boulding_lane, layout_cave_pods, minmay_swamp_entry_eels,
          grunt_megastairs_5
Lair:4:   layout_cave_pods
Lair:5:   layout_hall_layers, st_stairs_11, columned_hall_lemuel,
          amcnicky_altar_gilded
Lair:6:   grunt_lair_end_beastmaster, layout_layer_cave, slime_altar_2,
          portal_ice_cave_entry_pillars_1, nicolae_volcano_entry_s_turn,
          minmay_lair_drake_nest
Swamp:1:  layout_basic_swamp, evilmike_swamp_ruin_rubble_1, swamp_pool3,
          infiniplex_staircase_pool_2
Swamp:2:  layout_basic_swamp, hangedman_swamp_pad, nicolae_swamp_little_tower,
          uniq_kirke
Swamp:3:  layout_basic_swamp, nicolae_swamp_triple_paths, uniq_nikola
Swamp:4:  swamp_fiery, layout_basic_swamp, swamp_pool5,
          nicolae_swamp_necromancer_hut, uniq_aizul
Spider:1: layout_spider_delve
Spider:2: layout_chambers, drop_trap, hangedman_spider_tarantella_strand,
          nicolae_spider_cling_halls
Spider:3: layout_spider_delve, nicolae_looking_at_the_future
Spider:4: guppyfry_spider_rune, uniq_bai_suzhen
Slime:1:  layout_caves
Slime:2:  layout_caves
Slime:3:  layout_caves, cheibrodos_slime_lost_civilization_7
Slime:4:  layout_caves
Slime:5
Orc:1:    layout_caves, nicolae_orc_pool_cavern,
          chequers_guarded_unrand_ignorance
Orc:2:    pubby_orc_utopia, uniq_azrael
Elf:1:    elf_arrival_001, layout_gridlike, minmay_elf_crystal_heptagon
Elf:2:    layout_gridlike, st_stairs_14, drop_trap, tgw_sif
Elf:3:    minmay_elf_hall, layout_gridlike, serial_shops,
          nicolae_shop_waterfront, hex_intersection, nicolae_twisting_strands,
          drop_trap, minmay_shop_grid_forest, st_stairs_1, grunt_ministairs_13,
          moated_statue
Vaults:1: biasface_vaults_ghost_orc_armoury,
          nicolae_vaults_windows_and_doors_thing, grunt_vaults_diagonal,
          vaults_room_hangedman_quadrants, hangedman_vaults_slice,
          vaults_room_pools, nicolae_vaults_what_the_h, layout_vaults_quadrants
Vaults:2: vaults_room_grunt_arrival_checkpoint, nicolae_vaults_network_s,
          vaults_standard_mumra_lines, ontoclasm_vaults_tryst,
          minmay_crypt_entry_simple_sparse, v_misc_11, nicolae_vaults_arrows,
          grunt_vaults_hallway_short, hangedman_vaults_slice,
          ontoclasm_vaults_gateway, hangedman_vaults_impose,
          nicolae_vaults_rhombus_6, nicolae_vaults_theta, layout_vaults_omnibox,
          nicolae_trove_entry_diagonal
Vaults:3: grunt_vaults_funneled_arena, v_misc_11, v_misc_8, vaults_room_pools,
          nicolae_vaults_mini_display_case, v_rooms_4,
          hangedman_vaults_restitches, v_rooms_3,
          ontoclasm_vaults_loading_screen, vaults_dpeg_encased_lava,
          nicolae_vaults_specimen_jars, nicolae_vaults_alarming,
          vaults_dpeg_hooks, ontoclasm_vaults_shuriken, layout_vaults_big_cross,
          serial_shops, bzr_entry_dummy, basic_altar
Vaults:4: advil_vaults_ghost_guards, ontoclasm_vaults_idyll,
          nicolae_vaults_theta, v_misc_28, dpeg_vaults_monster_box,
          nicolae_vaults_border_crossing, grunt_vaults_focal,
          ontoclasm_vaults_twist, vaults_dpeg_diagonal, layout_vaults_big_room,
          uniq_mennas, uniq_sojobo
Vaults:5: serial_shops
Crypt:1:  layout_catacombs
Crypt:2:  layout_rooms, grunt_ministairs_10, uniq_mara
Crypt:3:  church_of_pain_bobbens, layout_chaotic_city,
          nicolae_tomb_entry_unfolded_pyramid_diagonal
Tomb:1
Tomb:2:   uniq_jory
Depths:1: layout_cave_pools, grunt_metal_band, serial_shops, bzr_entry_water,
          nicolae_wwwww, minmay_hidden_floor, minmay_shop_star
Depths:2: minmay_the_grid_triangle_9x9_recursive_3
          [minmay_the_grid_triangle_9x9_zippers_horizontal,
          minmay_the_grid_triangle_9x9_shrine,
          minmay_the_grid_triangle_9x9_tough_junction,
          minmay_the_grid_triangle_9x9_prize_insulated,
          minmay_the_grid_triangle_9x9_longest,
          minmay_the_grid_triangle_9x9_negative_grid,
          minmay_the_grid_triangle_9x9_subtriangle,
          minmay_the_grid_triangle_9x9_intruding_spiral,
          minmay_the_grid_triangle_9x9_from_above], layout_small_grid,
          minmay_room_of_horrors, gammafunk_ghost_necromancy, pf_coc_iceberg,
          serial_shops, nicolae_shop_statue_plus,
          nicolae_shop_overgrown_old_shop, kennysheep_little_box, shop,
          hangedman_abyss_or_decor_lesser_grid, nrook_pool_corridor,
          minmay_staircase_statues_hall_small
Depths:3: hangedman_crystal_crosses_colossus [crystal_crosses_arms_two,
          crystal_crosses_arms_two, crystal_crosses_arms_one,
          crystal_crosses_arms_one], pan_entry, hell_entry, uniq_xtahua
Depths:4: gammafunk_sealed_library, layout_basic, enter_ziggurat_f,
          grunt_pan_entry_in_and_out, ebering_ghost_reflecting_pool,
          abyss_entry, special_room [special_room_jelly], nrook_mini_vaults,
          pf_vacation_house_of_asmodeus, uniq_boris, uniq_margery
Depths:5: grunt_zot_entry_hairpin, layout_long_grid, roderic_st_hans_cross,
          serial_sigils, serial_sigils_hangedman_shear,
          serial_sigils_hangedman_carve, serial_sigils_hangedman_clutch,
          serial_sigils_hangedman_quiver, serial_sigils_hangedman_confine,
          hell_entry
Zot:1:    layout_cathedral_of_symmetry
Zot:2:    regret_index_qazlal_generations, layout_cathedral_of_symmetry
Zot:3:    gammafunk_dig_for_victory, layout_concentric_octagons
Zot:4:    evilmike_crystal_ball_defense, layout_basic
Zot:5:    layout_twisted_circle

Skill      XL: |  1  2  3  4  5  6  7  8  9 10 11 12 13 14 15 16 17 18 19 20 21 22 23 24 25 26 27 |
---------------+----------------------------------------------------------------------------------+-----
Shields        | 4 5 6 7 9 10 12 15 | 15.0
Staves         | 3 4 5 6 8 10 11 12 13 14 | 14.0
Armour         | 4 5 6 7 8 9 10 11 12 13 15 17 18 19 20 23 | 23.2
Fighting       | 4 5 6 7 8 9 10 11 12 13 15 16 17 18 19 20 21 24 | 24.6
Evocations     | 4 6 7 8 |  8.0
Crossbows      | 4 7 10 12 13 15 17 18 19 20 21 22 26 | 26.2
Invocations    | 3 6 8 9 10 12 13 14 17 | 17.6
Earth Magic    | 5 8 16 | 16.5
Transmutations | 5 7 8 |  8.0
Spellcasting   | 4 6 12 | 12.2
Necromancy     | 9 |  9.3
Translocations | 5 |  5.9

Action                   |  1- 3 |  4- 6 |  7- 9 | 10-12 | 13-15 | 16-18 | 19-21 | 22-24 | 25-27 || total
-------------------------+-------+-------+-------+-------+-------+-------+-------+-------+-------++-------
Melee: Quarterstaff      |   113 |   251 |   336 |   781 |    31 |   102 |       |       |       ||  1614
       Lajatang          |       |       |       |   243 |   687 |   913 |   963 |   997 |  2322 ||  6125
 Fire: Arbalest          |       |       |       |    14 |   109 |   264 |   142 |   106 |   240 ||   875
       Triple crossbow   |       |       |       |       |       |       |     4 |    24 |   467 ||   495
Throw: Stone             |       |     5 |     6 |     5 |       |       |       |       |       ||    16
 Cast: Passwall          |       |       |       |       |       |       |       |     1 |     1 ||     2
       Lee's Rapid Decon |       |       |       |       |       |       |       |       |     3 ||     3
Invok: Heroism           |       |       |       |     7 |     3 |    15 |    17 |    16 |    34 ||    92
       Finesse           |       |       |       |       |       |     8 |     9 |    10 |    17 ||    44
       Divine Shield     |       |       |       |       |       |       |       |       |     5 ||     5
       Summon Divine War |       |       |       |       |       |       |       |       |     5 ||     5
       Cleansing Flame   |       |       |       |       |       |       |       |       |     2 ||     2
       Brand Weapon With |       |       |       |       |       |       |       |       |     1 ||     1
 Abil: Dig               |       |     2 |     1 |     3 |     5 |    11 |    11 |     3 |    28 ||    64
       Evoke Flight      |       |       |       |       |       |     3 |       |       |       ||     3
Evoke: Wand              |       |       |     6 |       |       |       |       |       |       ||     6
       Phantom mirror    |       |       |       |       |       |       |       |       |     1 ||     1
  Use: Scroll            |       |     9 |     6 |     7 |    10 |    10 |    20 |    13 |    38 ||   113
       Potion            |       |       |     3 |       |       |     4 |       |       |     9 ||    16
 Stab: Distracted        |       |       |       |     1 |     6 |     6 |     9 |     7 |     5 ||    34
       Held in net/web   |       |       |       |       |       |       |     1 |       |       ||     1
       Paralysed         |       |       |       |       |       |       |     1 |       |       ||     1
Armor: Scale mail        |    51 |    90 |    79 |   184 |    19 |       |       |       |       ||   423
       Plate armour      |       |       |       |       |   146 |   219 |   235 |   148 |   301 ||  1049
       Crystal plate arm |       |       |       |       |       |       |       |       |   263 ||   263
Dodge: Dodged            |    44 |    83 |    84 |   224 |    92 |   112 |   138 |    88 |   261 ||  1126
Block: Kite shield       |    67 |   157 |   171 |   662 |   508 |   214 |       |       |       ||  1779
       Reflection        |       |       |       |     4 |    27 |    35 |    28 |    44 |   215 ||   353
       Tower shield      |       |       |       |       |       |   693 |  1203 |   843 |  2679 ||  5418
       Other             |       |       |       |       |       |       |       |       |     1 ||     1
